 Dungeon Crawl Stone Soup version 0.17-a0-1508-ge7f3dc3 (webtiles) character file.

65 Niuu the Magician (level 3, -17/16 HPs)
             Began as a Spriggan Wizard on July 10, 2015.
             Killed by a distortion unwield (33 damage)
             ... on level 2 of the Dungeon.
             The game lasted 00:10:47 (1498 turns).

Niuu the Magician (Spriggan Wizard)                 Turns: 1498, Time: 00:10:47

Health: -17/16     AC:  5    Str:  6    XL:     3   Next: 92%
Magic:  2/9        EV: 18    Int: 20    God:
Gold:   129        SH:  0    Dex: 14    Spells: 1 memorised, 9 levels left

rFire  . . .     SeeInvis +     (weapon restricted)
rCold  . . .     Clarity  .     a - +0 robe
rNeg   . . .     SustAt   .     (shield restricted)
rPois  .         Gourm    .     b - +0 hat
rElec  .         Spirit   .     t - +0 cloak
rCorr  .         Warding  .     (gloves unavailable)
rMut   .         Stasis   .     (boots unavailable)
MR     .....                    (no amulet)
Stlth  ++........               g - +3 ring of strength
                                f - +2 ring of protection

@: very quick, not resistant to hostile enchantments, unstealthy
A: unfitting armour, see invisible, herbivore 3, speed 3, slow metabolism 2
a: no special abilities


You were on level 2 of the Dungeon.
You were not hungry.

You visited 1 branch of the dungeon, and saw 2 of its levels.

You collected 129 gold pieces.

Inventory:

Hand weapons
 h - a +0 mace
 m - a +0 hunting sling
 p - a +2 whip of distortion
Missiles
 i - 84 stones (quivered)
Armour
 a - a +0 robe (worn)
 b - a +0 hat (worn)
 t - a +0 cloak (worn)
Jewellery
 f - a +2 ring of protection (left hand)
 g - a +3 ring of strength (right hand)
Magical devices
 q - a wand of fireball (7)
Scrolls
 e - 2 scrolls of identify {unknown}
 j - a scroll of magic mapping {unknown}
 n - a scroll of enchant weapon {unknown}
 s - 3 scrolls of remove curse {unknown}
Potions
 k - a potion of degeneration {unknown}
 l - a potion of haste {unknown}
 o - a potion of heal wounds {unknown}
 r - a potion of might {unknown}
Books
 c - a book of Minor Magic

   Spells                             Type                      Level
   a - Magic Dart                     Conjuration                  1
   b - Blink                          Translocation                2
   c - Call Imp                       Summoning                    2
   d - Repel Missiles                 Charms/Air                   2
   e - Slow                           Hexes                        2
   f - Conjure Flame                  Conjuration/Fire             3
   g - Mephitic Cloud                 Conjuration/Poison/Air       3
Comestibles
 d - a bread ration


   Skills:
 - Level 3.0 Dodging
 - Level 3.0 Stealth
 - Level 4.0 Spellcasting
 + Level 2.8 Conjurations
   Level 0.7 Summonings
   Level 1.5 Translocations


You had 9 spell levels left.
You knew the following spells:

 Your Spells              Type           Power        Failure   Level  Hunger
z - Magic Dart            Conj           ###.         4%          1    None


Dungeon Overview and Level Annotations

Branches:
Dungeon (2/15)

Altars:


Innate Abilities, Weirdness & Mutations

You are tiny and cannot use many weapons and most armour.
You have supernaturally acute eyesight.
You are a herbivore.
You cover ground extremely quickly.
You need consume almost no food.


Message History

Crazy Yiuf is almost dead.
Casting: Magic Dart
Confirm with . or Enter, or press ? or * to list all spells.
Aiming: Magic Dart
Press: ? - help, Shift-Dir - straight line, f/p - Crazy Yiuf
Aim: Crazy Yiuf, wielding a quarterstaff of chaos and wearing a cloak (almost dead)
The magic dart hits Crazy Yiuf.
You kill Crazy Yiuf!
Things that are here:
a quarterstaff of chaos; a cloak
t - a cloak Wear which item? (? for menu, Esc to quit)
You start putting on your armour.
You continue putting on your cloak.
You continue putting on your cloak. x3
You finish putting on your +0 cloak.
Wield which item (- for none, * to show all)? (? for menu, Esc to quit)
Really unwield
p - a +2 whip of distortion?
You are crushed and pinned by an extremely strong localised spatial distortion!
Ouch! That really hurt!
You die...

#.# ##.###...#
#.############........#
#............#..###...#
############...(...(#
#...#.##.#
######..###.#.#
#.......(#.##(#
#.#####..)# #.#
#..@###.# #(......#
#(..##.%# #†#.##..#
#.......# ###.##.##
#.##.# #.##.# #.##.#


There were no monsters in sight!

Vanquished Creatures
  Crazy Yiuf (D:2)
  An adder (D:2)
  2 giant cockroaches (D:1)
  7 goblins
  6 hobgoblins (D:1)
  A ball python (D:1)
  2 bats
  2 giant geckos
  3 kobolds (D:1)
  3 rats (D:1)
28 creatures vanquished.

Notes
Turn   | Place    | Note
--------------------------------------------------------------
     0 | D:1      | Niuu the Spriggan Wizard began the quest for the Orb.
     0 | D:1      | Reached XP level 1. HP: 9/9 MP: 6/6
    95 | D:1      | Reached skill level 1 in Conjurations
   354 | D:1      | Reached XP level 2. HP: 13/13 MP: 5/8
  1234 | D:2      | Reached XP level 3. HP: 16/16 MP: 3/9
  1364 | D:2      | Noticed Crazy Yiuf
  1488 | D:2      | Killed Crazy Yiuf
  1498 | D:2      | Killed by a distortion unwield

Vault maps used:
D:1:      dpeg_arrival_morbid_curiosity, st_stairs_6
D:2:      nicolae_tso_carved_into_rock, overflow_temple_1_default,
          uniq_crazy_yiuf_cottage

Action                   || total
-------------------------++-------
Melee: Mace              ||     2
 Fire: Hunting sling     ||     5
Throw: Stone             ||    42
 Cast: Magic Dart        ||    80
